Map: Disco Bloodbath LE

Players

Vincsis - Winner!

  • Race: Protoss Protoss
  • League: Master
  • Spawn Location: 9:00

Mez

  • Race: Protoss Protoss
  • League: Master
  • Spawn Location: 3:00

VOD

Have the link to the VOD?

Description

Time

  • Played on: Sept. 3, 2019, 11:47 a.m.
  • Length: 9:27
Show
View Real Time Build Order
Export as new Build Order

Vincsis Protoss - Winner!

Build Orders: Oracle Opening, Zealot Archon 

Get SALT Encoding   

  12  0:00  Probe  
  13  0:13  Probe  
  14  0:18  Pylon  
  14  0:24  Probe  
  15  0:32  Probe  
  15  0:39  Gateway  
  15  0:40  Probe  
  16  0:47  Assimilator  
  17  0:51  Probe  
  17  0:56  Assimilator  
  18  1:03  Probe  
  19  1:10  Gateway  
  19  1:16  Assimilator  
  19  1:27  Cybernetics Core  
  19  1:30  Probe  
  20  1:37  Pylon  
  20  1:38  Probe  
  22  1:56  Pylon  
  22  1:57  Probe  
  22  2:06  Adept x2  
  26  2:17  Stargate  
  26  2:21  Probe  
  27  2:24  Warp Gate  
  27  2:36  Adept  
  29  2:37  Adept  
  31  2:45  Pylon  
  31  2:48  Probe  
  32  2:51  Oracle  
  35  3:19  Oracle  
  34  3:37  Nexus  
  34  3:54  Probe  
  34  3:55  Stalker x2  
  35  4:10  Probe  
  33  4:22  Probe  
  33  4:23  Shield Battery  
  34  4:25  Robotics Facility  
  34  4:34  Probe  
  35  4:44  Oracle  
  35  4:45  Probe  
  38  4:50  Probe  
  39  4:53  Probe  
  39  4:58  Probe  
  39  4:59  Stalker  
  43  5:00  Stalker  
  43  5:01  Probe  
  47  5:08  Probe  
  47  5:13  Probe  
  49  5:20  Probe  
  50  5:21  Immortal  
  50  5:25  Probe  
  51  5:32  Probe  
  56  5:36  Pylon, Assimilator  
  56  5:37  Probe, Assimilator  
  57  5:50  Probe  
  57  5:53  Probe  
  59  5:59  Twilight Council  
  59  6:01  Observer  
  59  6:03  Probe  
  61  6:12  Pylon  
  61  6:16  Pylon  
  61  6:19  Probe  
  61  6:22  Immortal  
  61  6:23  Probe  
  67  6:30  Forge  
  67  6:33  Gateway  
  67  6:34  Gateway  
  67  6:41  Templar Archives, Probe  
  68  6:50  Probe  
  69  6:55  Warp Prism, Gateway  
  69  6:57  Gateway  
  69  7:00  Gateway  
  69  7:02  Gateway  
  71  7:10  Pylon  
  71  7:30  High Templar x4  
  71  7:34  Archon  
  71  7:35  Archon  
  76  7:53  Pylon  
  76  7:55  Pylon  
  76  7:57  High Templar x2  
  76  7:58  Zealot x2  
  84  8:08  Archon  
  84  8:13  Zealot x4  
  92  8:20  Nexus  
  92  8:23  Photon Cannon, Pylon  
  92  8:33  Photon Cannon  
  92  8:46  Zealot x8  
  108  9:18  Zealot x5  
Show
View Real Time Build Order
Export as new Build Order

Mez Protoss 

Build Orders:  

Get SALT Encoding   

  12  0:01  Probe  
  13  0:13  Probe  
  14  0:20  Pylon  
  14  0:25  Probe  
  15  0:38  Probe  
  15  0:39  Gateway  
  16  0:45  Assimilator  
  16  0:50  Probe  
  17  0:59  Probe  
  17  1:03  Gateway  
  18  1:07  Probe  
  18  1:16  Probe  
  18  1:18  Zealot  
  22  1:35  Pylon  
  22  1:45  Probe  
  23  1:54  Cybernetics Core  
  23  2:03  Nexus  
  23  2:14  Probe  
  24  2:21  Assimilator  
  24  2:26  Probe  
  24  2:27  Stalker  
  25  2:34  Stalker  
  29  2:41  Pylon  
  29  2:43  Probe  
  30  2:47  Warp Gate  
  30  2:55  Probe  
  31  3:03  Stalker x2  
  32  3:28  Probe x2  
  33  3:36  Stalker x2  
  33  3:40  Robotics Facility  
  37  3:55  Probe x2  
  24  4:07  Probe  
  25  4:10  Probe  
  25  4:17  Probe  
  24  4:20  Probe  
  26  4:30  Probe  
  26  4:31  Probe  
  28  4:42  Probe  
  29  4:47  Probe  
  30  4:54  Probe  
  30  4:59  Probe  
  32  5:04  Stalker  
  32  5:06  Probe  
  35  5:11  Probe  
  36  5:17  Stalker  
  36  5:20  Probe  
  36  5:21  Probe  
  38  5:28  Probe  
  40  5:29  Probe  
  42  5:40  Pylon, Probe  
  42  5:41  Probe  
  39  5:57  Probe x2  
  41  6:06  Shield Battery  
  41  6:09  Probe  
  41  6:10  Shield Battery  
  42  6:12  Probe  
  43  6:20  Stalker  
  43  6:21  Probe  
  46  6:27  Probe  
  46  6:29  Probe  
  47  6:35  Probe  
  47  6:37  Probe  
  49  6:44  Immortal, Probe  
  55  6:59  Pylon  
  55  7:00  Probe x2  
  57  7:12  Probe  
  57  7:13  Probe  
  59  7:17  Stalker x2  
  59  7:21  Assimilator  
  59  7:24  Probe  
  59  7:25  Probe  
  59  7:32  Probe  
  60  7:37  Probe  
  60  7:40  Probe  
  62  7:46  Immortal  
  62  7:49  Probe  
  62  7:51  Probe  
  67  7:54  Assimilator  
  68  8:00  Twilight Council  
  68  8:01  Probe  
  69  8:10  Gateway  
  69  8:11  Gateway  
  69  8:22  Probe  
  69  8:26  Pylon  
  69  8:34  Probe x2  
  70  8:44  Immortal  
  70  8:46  Probe x2  
  76  8:49  Pylon  
  76  8:56  Pylon  
  76  8:59  Pylon  
  76  9:01  Pylon  
  76  9:13  Stalker x3  
Tags
 
Add a new tag
Caveats
  • Supply blocks, unpowered buildings, or Contaminate may cause inaccurate times.
  • Supply counts are checked every 10 seconds.